 Dungeon Crawl Stone Soup version 0.19-a0-1732-g0b18a7b (webtiles) character file.

11825 Amnesiac the Transmogrifier (level 11, -3/54 HPs)
             Began as a Deep Elf Earth Elementalist on Sept 30, 2016.
             Was a High Priest of Dithmenos.
             Slain by an orc knight
             ... wielding a +0 great mace
              (37 damage)
             ... on level 9 of the Dungeon.
             The game lasted 00:26:43 (10791 turns).

Amnesiac the Transmogrifier (DEEE)                 Turns: 10791, Time: 00:26:44

Health: -3/54      AC: 14    Str:  5    XL:     11   Next: 54%
Magic:  23/27      EV: 17    Int: 23    God:    Dithmenos [*****.]
Gold:   393        SH:  5    Dex: 14    Spells: 3 memorised, 19 levels left

rFire  . . .     SeeInvis .     r - +4 dagger (venom)
rCold  . . .     Gourm    .     c - +0 robe
rNeg   . . .     Faith    .     g - +0 buckler
rPois  .         Spirit   .     u - +0 helmet
rElec  .         Dismiss  +     m - +2 cloak
rCorr  .         Reflect  .     i - +2 pair of gloves
MR     +....     Harm     .     (no boots)
Stlth  +++++++...               t - amulet of dismissal
                                M - +3 ring of protection
                                F - +3 ring of evasion

@: wreathed by umbra
A: iridescent scales 1, clumsy 1, wild magic 2
a: Shadow Step, Shadow Form, Renounce Religion


You were on level 9 of the Dungeon.
You worshipped Dithmenos.
Dithmenos was extremely pleased with you.
You were not hungry.

You visited 3 branches of the dungeon, and saw 11 of its levels.

You collected 679 gold pieces.
You spent 286 gold pieces at shops.

Inventory:

Hand Weapons
 r - a +4 dagger of venom (weapon)
 s - a +1 dagger of pain
Missiles
 b - 181 stones (quivered)
 f - 2 throwing nets
Armour
 c - a +0 robe (worn)
 g - a +0 buckler (worn)
 i - a +2 pair of gloves (worn)
 m - a +2 cloak (worn)
 u - a +0 helmet (worn)
Jewellery
 t - an amulet of dismissal (around neck)
 v - an uncursed ring of protection from fire
 A - an uncursed ring of see invisible
 F - a +3 ring of evasion (left hand)
 M - a +3 ring of protection (right hand)
Wands
 a - a wand of acid (5/15)
 x - a wand of digging (24/24)
Scrolls
 k - 2 scrolls of fog
 l - a scroll of recharging
 o - a scroll of enchant armour
 w - 5 scrolls of remove curse
 y - 2 scrolls of identify
 C - 2 scrolls of magic mapping
 G - a scroll of amnesia
 H - 2 scrolls of teleportation
Potions
 e - a potion of brilliance
 h - 2 potions of heal wounds
 p - 3 potions of curing
 B - a potion of ambrosia
 E - a potion of resistance
Comestibles
 d - 15 bread rations
 j - 2 beef jerkies
 n - 5 fruits
 q - 5 chunks of flesh
 D - 3 meat rations


   Skills:
 - Level 6.0 Short Blades
 + Level 4.0 Dodging
 - Level 9.9 Stealth
 - Level 4.0 Shields
 - Level 10.0 Spellcasting
 - Level 10.4 Transmutations
 - Level 10.1 Earth Magic


You had 19 spell levels left.
You knew the following spells:

 Your Spells              Type           Power        Failure   Level  Hunger
e - Petrify               Tmut/Erth      #######.     3%          4    #......
f - Lee's Rapid Deconstr  Erth           #######...   8%          5    ####...
v - Passwall              Tmut/Erth      #######...   1%          2    None


Dungeon Overview and Level Annotations

Branches:
Dungeon (9/15)             Temple (0/1) D:5            Lair (1/6) D:9
    Orc (1/2) D:9

Altars:
Ashenzari
Dithmenos
Gozag
Nemelex Xobeh
Ru
Sif Muna
Trog
Vehumet
Xom
The Shining One

Shops:
D:5 ?*}*}   D:6 !=!


Innate Abilities, Weirdness & Mutations

You are partially covered in iridescent scales. (AC +2)
You are clumsy. (Dex -2)
Your spells are harder to cast, but more powerful.


Message History

Unknown command.
The orc knight roars a battlecry! x2
The orcs go into a battle-frenzy!
The orc knight misses you.
You climb upwards.
Welcome back to the Dungeon!
There is a staircase to the Orcish Mines here.
Things that are here:
the +0 ring mail "Liocving" {Dex+3}; a potion of lignification You see here 15 arrows.
The orc knight suddenly complains.
The orc knight no longer looks unusually strong.
Casting: Petrify
Confirm with . or Enter, or press ? or * to list all spells.
Aiming: Petrify
Press: ? - help, Shift-Dir - straight line, f - orc knight
Aim: an orc knight, wielding a great mace and wearing a plate armour (umbra, chance to defeat MR: 67%)
The orc knight struggles to resist.
The orc knight hits you with a great mace!!!
Ouch! That really hurt!
You die...

........................#........
...##.###........................
...##.# #.##......).....#........
#..##.# #.##............#........
#..##.# #.##............#........
#...#.# #.##........##..#........
.#....###.##........##..#........
..........##.....o..##..#........
#.........##....@...##..#...###..
..#.#..#..##........##..#...# #..
..#.#..#..##........##..#...# #..
..#.#..#..##........##..#...# #..
#......#..##........##..#...# #..
.......#............##..#...# #..
.#..#..#................#...# #..
#...#................>......# #..
#.###.......................# #..


You could see an orc knight.

Vanquished Creatures
  2 hydras (Lair:1)
  An orc high priest (D:9)
  2 orc knights (D:9)
  A deep elf mage (D:9)
  An ugly thing (D:9)
  2 spiny frogs (Lair:1)
  2 komodo dragons (Lair:1)
  A troll (D:9)
  A hippogriff (D:8)
  A spriggan (D:7)
  Eustachio (D:6)
  A basilisk (D:9)
  A porcupine (Lair:1)
  A water moccasin (Lair:1)
  Duvessa (D:6)
  10 orc warriors
  2 sky beasts (D:8)
  2 phantoms
  A black bear (D:7)
  A wasp (D:8)
  7 ogres
  An ice beast (D:9)
  6 wolves (Lair:1)
  A crocodile (Lair:1)
  A centaur (D:9)
  A big kobold (D:7)
  A gnoll sergeant (D:9)
  5 bullfrogs
  2 scorpions
  Dowan (D:6)
  8 killer bees
  5 wights (D:9)
  An electric eel (Lair:1)
  2 howler monkeys
  A jelly (D:7)
  2 crimson imps
  2 bullfrog zombies
  2 hounds
  A centaur skeleton (D:8)
  6 orc priests
  A bullfrog skeleton (D:4)
  12 orc wizards
  Natasha (thrice) (D:2)
  6 iguanas
  2 worker ants
  A hound skeleton (D:4)
  Robin (D:2)
  A worker ant zombie (D:7)
  13 gnolls
  A howler monkey skeleton (D:5)
  10 adders
  33 river rats (Lair:1)
  2 oozes
  An adder zombie (D:7)
  2 adder skeletons (D:9)
  5 worms
  A dart slug (D:5)
  5 leopard geckos
  50 orcs
  4 giant cockroaches
  13 goblins
  4 hobgoblins
  14 jackals
  14 kobolds
  4 quokkas
  A ball python (D:5)
  8 bats
  2 frilled lizards
  A giant cockroach zombie (D:5)
  A leopard gecko zombie (D:5)
  A quokka skeleton (D:8)
  7 rats
  A fungus (D:9)
316 creatures vanquished.

Vanquished Creatures (others)
  A plant (Lair:1)
1 creature vanquished.

Grand Total: 317 creatures vanquished

Notes
Turn   | Place    | Note
-------+----------+-------------------------------------------
     0 | D:1      | Amnesiac the Deep Elf Earth Elementalist began the quest for the Orb.
     0 | D:1      | Reached XP level 1. HP: 10/10 MP: 6/6
   129 | D:1      | Reached XP level 2. HP: 15/15 MP: 5/8
   150 | D:1      | Learned a level 2 spell: Passwall
   277 | D:2      | Reached XP level 3. HP: 19/19 MP: 3/10
   549 | D:3      | Found a shimmering altar of Xom.
   636 | D:3      | Found a faded altar of an unknown god.
   677 | D:4      | Reached skill level 5 in Earth Magic
   677 | D:4      | Reached XP level 4. HP: 24/24 MP: 9/12
   715 | D:4      | Found a bloodstained altar of Trog.
   731 | D:4      | Noticed an ogre
   735 | D:4      | Killed an ogre
   735 | D:4      | Reached skill level 5 in Spellcasting
   735 | D:4      | Reached XP level 5. HP: 28/28 MP: 9/14
   744 | D:4      | Learned a level 4 spell: Petrify
   750 | D:4      | Learned a level 5 spell: Lee's Rapid Deconstruction
   763 | D:4      | Found a shadowy altar of Dithmenos.
  1033 | D:4      | Became a worshipper of Dithmenos the Shadowed
  1220 | D:2      | Reached XP level 6. HP: 31/32 MP: 10/15
  1268 | D:2      | Noticed Natasha
  1270 | D:2      | Killed Natasha
  1272 | D:2      | Reached * piety under Dithmenos
  1309 | D:2      | Noticed Robin
  1317 | D:2      | Killed Robin
  1824 | D:1      | Found a shattered altar of Ashenzari.
  1959 | D:2      | Noticed Natasha
  1967 | D:2      | Killed Natasha
  1977 | D:2      | Noticed Natasha
  1991 | D:2      | Killed Natasha
  2074 | D:2      | Found a glowing golden altar of the Shining One.
  3113 | D:4      | Found a deep blue altar of Sif Muna.
  3526 | D:5      | Entered Level 5 of the Dungeon
  3526 | D:5      | Found Jucaom Leto's General Store.
  3550 | D:5      | Found a staircase to the Ecumenical Temple.
  3563 | D:5      | Reached ** piety under Dithmenos
  3594 | D:5      | Found Ifarphal's Assorted Antiques.
  3595 | D:5      | Found a bloodstained altar of Trog.
  3616 | D:5      | Reached XP level 7. HP: 33/36 MP: 13/17
  3831 | D:5      | Bought an encrusted bronze wand for 88 gold pieces
  3836 | D:5      | Bought a lead wand for 88 gold pieces
  3836 | D:5      | Bought a scroll labeled NEET FADEBLO for 22 gold pieces
  3836 | D:5      | Bought a scroll labeled NEET FADEBLO for 22 gold pieces
  3836 | D:5      | Bought a scroll labeled JOPSUFREG SERHAU for 22 gold pieces
  3836 | D:5      | Bought a scroll labeled MYODDO EROOS for 22 gold pieces
  3844 | D:5      | Found Liczueju's Magic Scroll Shoppe.
  4227 | D:5      | Found Vuluter's Gadget Shop.
  4785 | D:5      | Bought a scroll labeled MOHAQEQ MAFIGI for 22 gold pieces
  4812 | D:5      | Reached skill level 1 in Short Blades
  4877 | D:5      | Found Wammaom's Gadget Boutique.
  4900 | D:6      | Found Sicec's Distillery.
  4900 | D:6      | Noticed Duvessa
  4902 | D:6      | Reached XP level 8. HP: 41/41 MP: 10/20
  4904 | D:6      | Noticed Dowan
  4908 | D:6      | Killed Dowan
  4912 | D:6      | Noticed Eustachio
  4922 | D:6      | HP: 2/41 [white imp[Eustachio] (4)]
  4930 | D:6      | Gained mutation: Your spells are a little harder to cast, but a little more powerful. [potion of mutation]
  4930 | D:6      | Gained mutation: You are partially covered in iridescent scales. (AC +2) [potion of mutation]
  4930 | D:6      | Gained mutation: Your spells are harder to cast, but more powerful. [potion of mutation]
  5300 | D:6      | Found a sacrificial altar of Ru.
  5316 | D:6      | Killed Eustachio
  5316 | D:6      | Reached skill level 1 in Shields
  5395 | D:6      | Found Xoirchyvi's Jewellery Boutique.
  5523 | D:6      | Found Arear's Distillery.
  5585 | D:6      | Reached *** piety under Dithmenos
  5641 | D:6      | Killed Duvessa
  5946 | D:7      | Reached skill level 5 in Stealth
  5946 | D:7      | Reached XP level 9. HP: 26/45 MP: 12/21
  6128 | D:7      | Found a bloodstained altar of Trog.
  6432 | D:7      | Reached **** piety under Dithmenos
  6532 | D:7      | Reached skill level 10 in Spellcasting
  6538 | D:7      | Found a radiant altar of Vehumet.
  7158 | D:8      | Reached skill level 5 in Transmutations
  7654 | D:8      | Found a sacrificial altar of Ru.
  7655 | D:8      | Found a sparkling altar of Nemelex Xobeh.
  7723 | D:8      | Reached XP level 10. HP: 50/50 MP: 22/26
  7837 | D:9      | Got a jewelled ring mail
  7919 | D:9      | Found a staircase to the Lair.
  7938 | D:9      | Reached ***** piety under Dithmenos
  8019 | D:9      | Found a staircase to the Orcish Mines.
  8099 | D:9      | Reached skill level 10 in Earth Magic
  8128 | D:9      | Noticed a green ugly thing
  8128 | D:9      | Noticed a deep elf mage
  8145 | D:9      | Killed a deep elf mage
  8151 | D:9      | Killed a green ugly thing
  8419 | D:9      | Found a sparkling altar of Nemelex Xobeh.
  8745 | Lair:1   | Entered Level 1 of the Lair of Beasts
  8955 | Lair:1   | Noticed an eight-headed hydra
  8968 | Lair:1   | Killed an eight-headed hydra
  8968 | Lair:1   | Reached skill level 10 in Transmutations
  9071 | Lair:1   | Noticed a spiny frog
  9080 | Lair:1   | Killed a spiny frog
  9184 | Lair:1   | Reached XP level 11. HP: 33/54 MP: 27/27
  9448 | Lair:1   | Found an opulent altar of Gozag.
  9506 | Lair:1   | Reached skill level 5 in Short Blades
  9577 | Lair:1   | Noticed a seven-headed hydra
  9585 | Lair:1   | Killed a seven-headed hydra
 10190 | Orc:1    | Entered Level 1 of the Orcish Mines
 10212 | Orc:1    | Noticed an orc knight
 10212 | Orc:1    | Noticed an orc knight
 10212 | Orc:1    | Noticed an orc knight
 10212 | Orc:1    | Noticed an orc high priest
 10212 | Orc:1    | Noticed an orc knight
 10212 | Orc:1    | Noticed an orc knight
 10288 | D:9      | Identified the +0 ring mail "Liocving" {Dex+3} (You found it on level 9 of the Dungeon)
 10311 | D:9      | Killed an orc knight
 10315 | D:9      | Gained mutation: You are clumsy. (Dex -2) [a neqoxec]
 10322 | D:9      | Killed an orc high priest
 10729 | D:9      | Killed an orc knight
 10791 | D:9      | Slain by an orc knight

Vault maps used:
D:1:      wheals_arrival_shading, ashenzari_altar_1
D:2:      tso_oasis_becter, uniq_robin, uniq_natasha
D:3:      overflow_temple_1_default, ecumenical_altar_1
D:4:      lemuel_blue_sif_altar, lightli_temple_of_fire,
          nicolae_dithmenos_shadow_blocks
D:5:      serial_shops, shop, kennysheep_little_box, shop, kennysheep_mini,
          shop, first_bread, bloody_trog
D:6:      basic_altar, serial_shops,
          nicolae_shop_temple_entry_statues_fountains, shop, shop, uniq_duvessa,
          uniq_eustachio
D:7:      vehumet_crystals, the_bakery, david_defended_altar_elf
D:8:      kennysheep_ambush_hall, nicolae_overflow_hidden_temple
D:9:      dpeg_oklobed_lair, orc_david_3, basic_altar, minivault_25_ag
Lair:1:   basic_altar, infiniplex_staircase_pool, grunt_megastairs_5
Orc:1:    special_room

Skill      XL: |  1  2  3  4  5  6  7  8  9 10 11 |
---------------+----------------------------------+-----
Earth Magic    | 4 5 6 8 9 10 | 10.1
Spellcasting   | 4 5 7 10 | 10.0
Short Blades   | 1 4 6 |  6.0
Stealth        | 5 6 9 |  9.9
Shields        | 4 |  4.0
Transmutations | 6 10 | 10.4
Dodging        | 4 |  4.0

Action                   |  1- 3 |  4- 6 |  7- 9 | 10-12 || total
-------------------------+-------+-------+-------+-------++-------
Melee: Dagger            |       |   119 |   372 |   300 ||   791
 Cast: Sandblast         |    29 |    55 |       |       ||    84
       Petrify           |       |     3 |    37 |    33 ||    73
       Lee's Rapid Decon |       |     2 |    15 |    12 ||    29
       Passwall          |       |       |     1 |    11 ||    12
  Use: Scroll            |     1 |     2 |    12 |     8 ||    23
       Potion            |       |       |     6 |     1 ||     7
 Stab: Petrified         |       |    11 |    36 |    43 ||    90
       Sleeping          |       |     7 |     7 |    21 ||    35
       Distracted        |       |     2 |       |     1 ||     3
       Petrifying        |       |       |    10 |     2 ||    12
  Eat: Chunk             |       |     8 |    16 |     9 ||    33
       Bread ration      |       |       |     1 |       ||     1
       Royal jelly       |       |       |       |     1 ||     1
       Pizza             |       |       |       |     1 ||     1
Armor: Robe              |       |    27 |    87 |    41 ||   155
Dodge: Dodged            |     9 |    96 |   224 |   199 ||   528
Block: Buckler           |       |       |    58 |    78 ||   136
